 Dungeon Crawl Stone Soup version 0.30-a0-553-g7fabdf1491 (webtiles) character file.

Game seed: 15406198379486909454

2809 arthad the Magician (level 9, 0/71 HPs)
             Began as a Gnoll Warper on Dec 26, 2022.
             Was an Initiate of Gozag.
             Slain by a yak (10 damage)
             ... on level 7 of the Dungeon.
             The game lasted 00:18:56 (6708 turns).

arthad the Magician (Gnoll Warper)                  Turns: 6708, Time: 00:18:57

Health: 0/71       AC: 13    Str: 11    XL:     9   Next: 72%
Magic:  10/19      EV: 10    Int: 16    God:    Gozag
Gold:   537        SH:  0    Dex: 12    Spells: 13/21 levels left

rFire   . . .      SeeInvis .    u - +0 hand axe (elec)
rCold   . . .      Faith    .    (no shield)
rNeg    + . .      Spirit   .    f - +2 scale mail {rN+}
rPois   .          Reflect  .    P - +0 helmet
rElec   .          Harm     .    (no cloak)
rCorr   .          Rampage  .    F - +0 pair of gloves
Will    .....                    J - +0 pair of boots
Stlth   +                        (no amulet)
HPRegen 0.31/turn                (no ring)
MPRegen 0.16/turn                (no ring)

@: gold aura, on blink cooldown, very slightly contaminated
A: fangs 1, strong nose, distributed training
a: Renounce Religion, Potion Petition, Call Merchant, Bribe Branch


You were on level 7 of the Dungeon.
You worshipped Gozag.
Gozag was pleased with you.
You visited 1 branch of the dungeon, and saw 8 of its levels.
You also visited: Sewer.

You collected 661 gold pieces.
You paid 124 gold pieces to Gozag.

Inventory:

Hand Weapons
 a - a +0 spectral hand axe
 i - a +4 trident of freezing
 m - a +1 flail of holy wrath
 u - a +0 hand axe of electrocution (weapon)
 K - a +2 morningstar of draining
Missiles
 d - 6 boomerangs of dispersal (quivered)
 l - 4 boomerangs
 q - a curare-tipped dart
 A - 5 poisoned darts
 R - 4 atropa-tipped darts
Armour
 b - a +0 leather armour
 f - a +2 scale mail of positive energy (worn)
 g - a +0 buckler
 o - a +0 scale mail of fire resistance
 F - a +0 pair of gloves (worn)
 J - a +0 pair of boots (worn)
 N - the +3 ring mail "Bowuzuac" {+Blink}
   (You found it on level 6 of the Dungeon)

   +Blink:    It lets you blink.
 O - a +1 ring mail of poison resistance
 P - a +0 helmet (worn)
 Q - a +2 robe of willpower
Jewellery
 r - a ring of ice
Wands
 v - a wand of flame (17)
 G - a wand of roots (9)
 H - a wand of charming (20)
Scrolls
 c - 3 scrolls of blinking
 j - a scroll of enchant armour {unknown}
 k - 6 scrolls of teleportation
 t - 2 scrolls of poison
 w - 4 scrolls of magic mapping
 y - 4 scrolls of identify
 D - 2 scrolls of fear {unknown}
 E - a scroll of amnesia {unknown}
 I - a scroll of summoning {unknown}
 L - a scroll of immolation {unknown}
Potions
 e - 2 potions of cancellation
 h - 2 potions of flight
 n - a potion of might
 p - a potion of berserk rage
 z - a potion of mutation
 B - a potion of invisibility


   Skills:
 + Level 6.6 Fighting
 + Level 4.7 Short Blades
 + Level 4.7 Long Blades
 + Level 6.6 Axes
 + Level 4.7 Maces & Flails
 + Level 4.7 Polearms
 + Level 4.7 Staves
 + Level 4.7 Ranged Weapons
 + Level 5.4 Throwing
 + Level 5.4 Armour
 + Level 6.6 Dodging
 + Level 4.7 Stealth
 + Level 4.7 Shields
 + Level 4.7 Unarmed Combat
 + Level 6.9 Spellcasting
 + Level 3.9 Conjurations
 + Level 3.9 Hexes
 + Level 3.9 Summonings
 + Level 3.9 Necromancy
 + Level 6.8 Translocations
 + Level 3.9 Transmutations
 + Level 3.9 Fire Magic
 + Level 3.9 Ice Magic
 + Level 3.9 Air Magic
 + Level 3.9 Earth Magic
 + Level 3.9 Poison Magic
 + Level 5.1 Invocations
 + Level 4.7 Evocations


You had 13 spell levels left.
You knew the following spells:

 Your Spells              Type           Power      Damage    Failure   Level
a - Blink                 Tloc           54%        N/A       6%          2
b - Teleport Other        Tloc           27%        N/A       12%         3
c - Vhi's Electric Charg  Tloc/Air       44%        N/A       21%         3

Your spell library contained the following spells:

 Spells                   Type           Power      Damage    Failure   Level
 Lesser Beckoning         Tloc           54%        N/A       12%         3
 Ensorcelled Hibernation  Hex/Ice        36%        N/A       19%         2
 Spider Form              Tmut/Pois      18%        N/A       36%         3
 Manifold Assault         Tloc           27%        N/A       36%         4
 Anguish                  Hex/Necr       9%         N/A       77%         4
 Summon Ice Beast         Ice/Summ       18%        N/A       77%         4
 Summon Mana Viper        Hex/Summ       18%        N/A       98%         5
 Monstrous Menagerie      Summ           9%         N/A       100%        7
 Borgnjor's Revivificati  Necr           9%         N/A       100%        8
 Necromutation            Tmut/Necr      9%         N/A       100%        8
 Death's Door             Necr           9%         N/A       100%        9


Dungeon Overview and Level Annotations

Branches:
Dungeon (8/15)             Temple (0/1) D:6           Sewer (visited)
   Lair: D:8-11

Altars:
Elyvilon
Fedhas
Gozag
Nemelex Xobeh
Uskayaw
Vehumet

Shops:
D:4 :


Innate Abilities, Weirdness & Mutations

You have very sharp teeth.
Your uncanny sense of smell can sniff out nearby items.
Your experience applies equally to all skills.


Message History

You are very lightly contaminated with residual magic.
Nothing appears to happen.
Casting: Vhi's Electric Charge (dangerous; 21% risk of failure)
Confirm with . or Enter, or press ? or * to list all spells.
Charge where?
Press: ? - help, Dir - move target, f - yak, p - yak
Aim: a yak (heavily wounded, 91% to hit)
You charge forward with an electric crackle!
You slash the yak and electrocute it!
The yak is severely wounded.
You hit the yak but do no damage.
You feel stable enough to blink again. The yak barely misses you.
The yak gores you.
* * * LOW HITPOINT WARNING * * *
You hit the yak but do no damage. You bite the yak, but do no damage.
The yak is severely wounded.
You hit the yak. The yak barely misses you.
The yak gores you but does no damage.
You closely miss the yak.
The yak is severely wounded.
You hit the yak but do no damage. The yak gores you.
* * * LOW HITPOINT WARNING * * *
The yak gores you but does no damage.
Casting: Vhi's Electric Charge (dangerous; 21% risk of failure)
Confirm with . or Enter, or press ? or * to list all spells.
You blink.
Unknown command.
Okay, then.
Casting: Blink (safe; 6% risk of failure)
Confirm with . or Enter, or press ? or * to list all spells.
Okay, then.
Okay, then.
Aiming: Fastroot
Press: ? - help, Shift-Dir - straight line, f/p - yak
Aim: a yak (severely wounded)
The roots erupt in riotous growth!
Roots grab the yak.
The grasping roots constrict the yak.
The yak escapes!
The yak gores you!
You die...
Your body crumbles into a pile of gold.

...............#################.
#.......................(........
#..............###...............
.............................#.#.
...<##..#......###...............
#....#..#......# #..#####....#...
........#...<..# #..# #....#...
#.......###..#.###..# #........
#.......# #.....@Y..# #.####.)<
........# #......Y..# ###.####...
#.......###.........# #.....[[...
...................>###.#.####...
.............................[...
........##.#.#.###..###.#.####...
####.#..#........................
...[.#................#.........)
####.#..#........#......#.####...


You could see 2 yaks.

Vanquished Creatures
  Pikel (D:7)
  A hornet (D:7)
  Prince Ribbit (D:6)
  Edmund (D:4)
  A water moccasin (Sewer)
  4 ice beasts
  A centaur (D:8)
  A phantom (D:5)
  A kobold brigand (D:8)
  4 lemures (D:7)
  A bullfrog (D:7)
  2 necrophages (D:6)
  2 scorpions (D:5)
  5 wights
  2 howler monkeys
  4 hounds
  An orc priest (D:8)
  2 jellies
  Jessica (D:2)
  An iguana (D:6)
  3 orc wizards (D:5)
  A gnoll (D:8)
  12 adders
  A white imp (D:6)
  2 worms (D:2)
  2 dart slugs (D:1)
  7 orcs
  9 bats
  6 endoplasms
  7 giant cockroaches
  4 goblins
  6 hobgoblins
  2 jackals (D:3)
  A quokka (D:1)
  2 ball pythons
  2 frilled lizards (D:3)
  8 kobolds
  6 rats
  3 butterflies (D:1)
121 creatures vanquished.

Vanquished Creatures (collateral kills)
  An orc wizard (D:8)
1 creature vanquished.

Vanquished Creatures (others)
  9 plants (D:1)
9 creatures vanquished.

Grand Total: 131 creatures vanquished

Notes
Turn   | Place    | Note
-------+----------+-------------------------------------------
     0 | D:1      | arthad the Gnoll Warper began the quest for the Orb.
     0 | D:1      | Reached XP level 1. HP: 20/20 MP: 6/6
   149 | D:1      | Reached XP level 2. HP: 25/26 MP: 7/7
   615 | D:2      | Reached skill level 5 in Spellcasting
   615 | D:2      | Reached XP level 3. HP: 31/31 MP: 7/9
   649 | D:2      | Noticed Jessica
   657 | D:2      | Killed Jessica
   658 | D:2      | Reached skill level 1 in Short Blades
   658 | D:2      | Reached skill level 1 in Long Blades
   658 | D:2      | Reached skill level 1 in Maces & Flails
   658 | D:2      | Reached skill level 1 in Polearms
   658 | D:2      | Reached skill level 1 in Staves
   658 | D:2      | Reached skill level 1 in Ranged Weapons
   658 | D:2      | Reached skill level 1 in Stealth
   658 | D:2      | Reached skill level 1 in Shields
   658 | D:2      | Reached skill level 1 in Unarmed Combat
   658 | D:2      | Reached skill level 1 in Invocations
   658 | D:2      | Reached skill level 1 in Evocations
   662 | D:2      | Learned a level 2 spell: Blink
   864 | D:2      | Reached XP level 4. HP: 28/38 MP: 11/11
  1118 | D:2      | Reached skill level 1 in Conjurations
  1118 | D:2      | Reached skill level 1 in Hexes
  1118 | D:2      | Reached skill level 1 in Summonings
  1118 | D:2      | Reached skill level 1 in Necromancy
  1118 | D:2      | Reached skill level 1 in Transmutations
  1118 | D:2      | Reached skill level 1 in Fire Magic
  1118 | D:2      | Reached skill level 1 in Ice Magic
  1118 | D:2      | Reached skill level 1 in Air Magic
  1118 | D:2      | Reached skill level 1 in Earth Magic
  1118 | D:2      | Reached skill level 1 in Poison Magic
  1483 | D:3      | Found a glowing drain.
  1503 | Sewer    | Entered a sewer
  1544 | Sewer    | Noticed a water moccasin
  1569 | Sewer    | Killed a water moccasin
  1570 | Sewer    | Reached XP level 5. HP: 28/43 MP: 12/12
  1858 | D:3      | Found a blossoming altar of Fedhas.
  2035 | D:3      | Reached XP level 6. HP: 46/50 MP: 13/13
  2112 | D:3      | Noticed a +0 dagger
  2112 | D:3      | Noticed a +0 short sword
  2113 | D:3      | Noticed a +0 spear
  2113 | D:3      | Noticed a +0 spear
  2115 | D:3      | Noticed a +0 falchion
  2116 | D:3      | Noticed a +0 short sword
  2119 | D:3      | Noticed a +0 falchion
  2124 | D:3      | Noticed a +0 dagger
  2131 | D:3      | Found a hide-covered altar of Uskayaw.
  2269 | D:3      | Found a white marble altar of Elyvilon.
  2418 | D:3      | Found a sparkling altar of Nemelex Xobeh.
  2606 | D:3      | Reached skill level 5 in Fighting
  2606 | D:3      | Reached skill level 5 in Axes
  2606 | D:3      | Reached skill level 5 in Dodging
  2790 | D:4      | Noticed Edmund
  2806 | D:4      | Killed Edmund
  2904 | D:4      | Found Goklui's Book Shoppe.
  3058 | D:5      | Entered Level 5 of the Dungeon
  3075 | D:5      | Learned a level 3 spell: Teleport Other
  3079 | D:5      | Learned a level 3 spell: Vhi's Electric Charge
  3144 | D:5      | Reached XP level 7. HP: 56/56 MP: 15/15
  3198 | D:5      | Found an opulent altar of Gozag.
  3213 | D:5      | Found an opulent altar of Gozag.
  3218 | D:5      | Found an opulent altar of Gozag.
  3221 | D:5      | Became a worshipper of Gozag Ym Sagoz the Greedy
  3254 | D:5      | Found an opulent altar of Gozag.
  3804 | D:5      | Reached XP level 8. HP: 59/63 MP: 16/16
  4087 | D:6      | Found a staircase to the Ecumenical Temple.
  4450 | D:6      | Noticed Prince Ribbit
  4454 | D:6      | Killed Prince Ribbit
  4621 | D:6      | Identified the +3 ring mail "Bowuzuac" {+Blink}
  4969 | D:7      | Reached XP level 9. HP: 69/69 MP: 18/18
  5147 | D:6      | Gained mutation: You are somewhat resistant to further
                  | mutation. [potion of mutation]
  5147 | D:6      | Lost mutation: You are somewhat resistant to further
                  | mutation. [potion of mutation]
  5653 | D:7      | Found a radiant altar of Vehumet.
  5670 | D:7      | Noticed a hornet
  5685 | D:7      | HP: 2/69 [poisoned by a hornet]
  5911 | D:7      | Killed a hornet
  5912 | D:7      | Reached skill level 5 in Throwing
  5912 | D:7      | Reached skill level 5 in Armour
  6323 | D:7      | Noticed Pikel
  6355 | D:7      | Killed Pikel
  6356 | D:7      | Reached skill level 5 in Invocations
  6708 | D:7      | Slain by a yak

Illustrated notes

Levels and vault maps discovered:
D:1:      spicycebolla_arrival_clurvy, layout_basic
D:2:      layout_loops_ring, supply_closet_lemuel, uniq_jessica
D:3:      layout_loops_ring, mainiacjoe_overflow_alcove_1,
          general_overflow_altar, nicolae_uskayaw_en_pointe,
          mainiacjoe_overflow_six_doors_small, portal_sewer_entry_d
D:4:      layout_rooms, serial_shops, nicolae_shop_advertising_works
          [nicolae_subvault_shop_adworks], hangedman_decor_peaks_small,
          kennysheep_another_room, uniq_edmund
D:5:      layout_rooms, nicolae_gozag_conspicuous_consumption, st_stairs_4
D:6:      layout_rooms, minmay_temple_entry_grid, dk_noncrumbling_3,
          uniq_prince_ribbit1
D:7:      layout_basic, mainiacjoe_overflow_tiny_flanked, uniq_pikel
D:8:      layout_cave_pools, kennysheep_okawaru_gauntlet, serial_glass,
          glass_columns_b, glass_columns_c

Skill      XL: |  1  2  3  4  5  6  7  8  9 |
---------------+----------------------------+-----
Spellcasting   | 5 6 |  6.9
Short Blades   | 1 2 3 4 |  4.7
Long Blades    | 1 2 3 4 |  4.7
Maces & Flails | 1 2 3 4 |  4.7
Polearms       | 1 2 3 4 |  4.7
Staves         | 1 2 3 4 |  4.7
Ranged Weapons | 1 2 3 4 |  4.7
Stealth        | 1 2 3 4 |  4.7
Shields        | 1 2 3 4 |  4.7
Unarmed Combat | 1 2 3 4 |  4.7
Invocations    | 1 2 3 4 5 |  5.1
Evocations     | 1 2 3 4 |  4.7
Conjurations   | 1 2 3 |  3.9
Hexes          | 1 2 3 |  3.9
Summonings     | 1 2 3 |  3.9
Necromancy     | 1 2 3 |  3.9
Transmutations | 1 2 3 |  3.9
Fire Magic     | 1 2 3 |  3.9
Ice Magic      | 1 2 3 |  3.9
Air Magic      | 1 2 3 |  3.9
Earth Magic    | 1 2 3 |  3.9
Poison Magic   | 1 2 3 |  3.9
Throwing       | 3 4 5 |  5.4
Armour         | 3 4 5 |  5.4
Fighting       | 5 6 |  6.6
Axes           | 5 6 |  6.6
Dodging        | 5 6 |  6.6
Translocations | 6 |  6.8

Action                   |  1- 3 |  4- 6 |  7- 9 || total
-------------------------+-------+-------+-------++-------
Melee: Hand axe          |   111 |   195 |   324 ||   630
       Bite              |     9 |    23 |    39 ||    71
       Punch             |     1 |     1 |    10 ||    12
Throw: Boomerang         |     1 |     1 |       ||     2
       Dart              |       |     5 |       ||     5
 Cast: Blink             |       |       |     6 ||     6
       Teleport Other    |       |       |     1 ||     1
       Vhi's Electric Ch |       |       |     1 ||     1
Evoke: Wand              |       |     1 |     9 ||    10
  Use: Potion            |       |     5 |    11 ||    16
       Scroll            |       |     4 |     1 ||     5
 Stab: Sleeping          |     1 |       |       ||     1
       Invisible         |       |       |     1 ||     1
Armor: Scale mail        |    44 |   112 |   169 ||   325
Dodge: Dodged            |    57 |   107 |   160 ||   324

Table legend: (Time is in decaauts)
 A = Elapsed time spent in this place.
 B = Non-inter-level travel time spent in this place.
 C = Inter-level travel time spent in this place.
 D = Time resting spent in this place.
 E = Time spent auto-exploring this place.
 F = Levels seen in this place.
 G = Mean time per level.
                   A        B        C        D        E       F      G
               +--------+--------+--------+--------+--------+-----+--------+
         Total |   6750 |   6573 |    177 |   1109 |   3996 |   9 |  750.0 |
       Dungeon |   6544 |   6367 |    177 |   1024 |   3970 |   8 |  818.0 |
         Sewer |    206 |    206 |      0 |     85 |     26 |   1 |  206.0 |
               +--------+--------+--------+--------+--------+-----+--------+

Top non-repeatable levels by time:
     D:7: 1404 daAuts
     D:6: 1175 daAuts
     D:3: 1008 daAuts
     D:2: 863 daAuts
     D:4: 698 daAuts
     D:5: 662 daAuts
     D:1: 614 daAuts
   Sewer: 206 daAuts
     D:8: 117 daAuts
